 Dungeon Crawl Stone Soup version 0.28-a0-664-gc179e30c89 (webtiles) character file.

Game seed: 5436510830270026376

587 jasper the Slasher (level 7, -2/78 HPs)
             Began as a Demonspawn Cinder Acolyte on Oct 16, 2021.
             Was an Elder of Ignis.
             Slain by Pikel (4 damage)
             ... on level 5 of the Dungeon.
             The game lasted 00:08:37 (4336 turns).

jasper the Slasher (Demonspawn Cinder Acolyte)      Turns: 4336, Time: 00:08:38

Health: -2/78      AC: 23    Str: 14    XL:     7   Next: 15%
Magic:  8/8        EV:  2    Int: 16    God:    Ignis [****..]
Gold:   157        SH:  0    Dex: 10    Spells: 8/8 levels left

rFire   + . .      SeeInvis .   c - +2 long sword (vamp)
rCold   . . .      Faith    .   (no shield)
rNeg    . . .      Spirit   .   (armour currently unavailable)
rPois   +          Reflect  .   (helmet currently unavailable)
rElec   .          Harm     .   (cloak currently unavailable)
rCorr   .          Rampage  .   (gloves currently unavailable)
Will    .....      NoTele   +   (boots currently unavailable)
Stlth   +.........              (no amulet)
HPRegen 0.23/turn               (no ring)
MPRegen 0.11/turn               (no ring)

@: confused, tree-form (expiring), hasted, very quick
A: stationary, stasis, torment immunity, boosted hp, (sturdy frame 2),
condensation shield, demonic magic 1, (demonic touch 2)
a: Renounce Religion, Sea of Fire, Foxfire Swarm, Rising Flame


You were on level 5 of the Dungeon.
You worshipped Ignis.
Ignis was greatly pleased with you.
You were a tree.
You visited 1 branch of the dungeon, and saw 5 of its levels.
You also visited: Sewer.

You collected 157 gold pieces.

Inventory:

Hand Weapons
 a - a -1 falchion of flaming
 c - a +2 vampiric long sword (weapon)
Missiles
 h - 55 bolts
 k - 123 stones (quivered)
 m - 7 poisoned darts
Armour
 b - a +0 robe
 f - a +0 chain mail
 g - a +0 scale mail
 n - the +3 chain mail of Pathos (melded) {Rampage rPois}
   (You found it in a sewer)

   rPois:     It protects you from poison.
   Rampage:   It bestows one free step when moving towards enemies.
Jewellery
 l - a ring of ice
Wands
 o - a wand of flame (14)
Potions
 d - a potion of brilliance
 e - a potion of cancellation
 p - a potion of haste


   Skills:
 - Level 3.0 Fighting
 + Level 7.6 Long Blades
 - Level 1.0 Spellcasting
 - Level 2.6 Fire Magic


You had 8 spell levels left.
You didn't know any spells.
Your spell library contained the following spells:

 Spells                   Type           Power      Damage    Failure   Level
 Scorch                   Fire           18%        2d5       12%         2
 Sublimation of Blood     Necr           0%         N/A       34%         2
 Wereblood                Tmut           0%         N/A       34%         2
 Summon Guardian Golem    Hex/Summ       0%         N/A       56%         3
 Animate Armour           Summ/Erth      0%         N/A       92%         4
 Blade Hands              Tmut           0%         N/A       99%         5
 Iron Shot                Conj/Erth      0%         9d1       100%        6
 Orb of Destruction       Conj           0%         N/A       100%        7
 Spellforged Servitor     Conj/Summ      0%         N/A       100%        7
 Summon Hydra             Summ           0%         N/A       100%        7
 Chain Lightning          Conj/Air       0%         N/A       100%        9
 Fire Storm               Conj/Fire      2%         8d1       100%        9
 Shatter                  Erth           0%         3d5*      100%        9


Dungeon Overview and Level Annotations

Branches:
Dungeon (5/15)             Temple (0/1) D:4           Sewer (visited)

Altars:
Gozag
Vehumet

Shops:
D:4 (

Annotations:
D:3 2 transporters, DarkMailMan's ghost, amateur DEFE
D:5 Pikel


Innate Abilities, Weirdness & Mutations

You are a tree.
Your roots penetrate the ground, keeping you stationary.
You cannot be teleported.
You are immune to unholy pain and torment.
Your maximum health is greatly increased.
Your equipment is partially melded.
((Your movements are less encumbered by armour. (ER -4)))
A meltable shield of frost defends you. (SH +0)
Spells you cast may paralyse adjacent enemies.
((Your touch may inflict irresistible damage on your foes.))


Message History

You attack the rock wall.
Something hits you but does no damage. The lemure hits you.
* * * LOW HITPOINT WARNING * * *
Pikel hits you but does no damage.
You take 3 damage, and have 8/78 hp.
You hit Pikel.
You feel better.
Pikel is lightly wounded.
Something hits you but does no damage.
You regained 3 hp, and now have 11/78 hp.
You attack the rock wall.
The lemure hits you but does no damage.
Pikel hits you with a +1 whip of flaming.
* * * LOW HITPOINT WARNING * * *
Pikel burns you.
* * * LOW HITPOINT WARNING * * *
You take 4 damage, and have 7/78 hp.
You hit Pikel but do no damage.
Pikel is lightly wounded.
Something hits you but does no damage. The lemure hits you but does no damage.
Pikel hits you with a +1 whip of flaming.
* * * LOW HITPOINT WARNING * * *
Pikel burns you.
* * * LOW HITPOINT WARNING * * *
You take 5 damage, and have 2/78 hp.
You are too confused!
Unknown command.
You attack the rock wall.
You hear some strange, mumbled words.
A magic dart appears from out of thin air!
The magic dart hits you but does no damage.
The lemure hits you.
* * * LOW HITPOINT WARNING * * *
You take 1 damage, and have 1/78 hp.
You barely miss Pikel.
Pikel is lightly wounded.
The hound pauses to sniff the ground.
Pikel hits you but does no damage.
You barely miss something. Something hits you but does no damage.
The lemure hits you but does no damage.
Pikel hits you with a +1 whip of flaming.
You die...

..|... .....
#...# #... #.[#
### #5h# #..
#55# #.. #K5#
#.. #♣## #..
##{# #.o## #).#
#...# #..##
#..<####...###.
#....##.........
#.........<....#
###...........##
##.>.........#


You could see Pikel, 4 lemures and a hound.

Vanquished Creatures
  An orc warrior (D:5)
  2 bullfrogs
  A scorpion (D:4)
  A hound (D:4)
  A bullfrog skeleton (D:4)
  Terence (D:2)
  11 adders
  A river rat (D:3)
  An ufetubus (D:4)
  4 dart slugs
  2 worms
  3 orcs (D:5)
  10 ball pythons
  9 endoplasms
  12 giant cockroaches
  6 goblins
  8 hobgoblins
  2 jackals (D:1)
  4 quokkas (Sewer)
  A bat (D:1)
  7 frilled lizards
  8 kobolds
  8 rats
104 creatures vanquished.

Vanquished Creatures (others)
  59 foxfires
59 creatures vanquished.

Grand Total: 163 creatures vanquished

Notes
Turn   | Place    | Note
-------+----------+-------------------------------------------
     0 | D:1      | jasper the Demonspawn Cinder Acolyte began the quest for
                  | the Orb.
     0 | D:1      | Reached XP level 1. HP: 18/18 MP: 2/2
    29 | D:1      | Reached skill level 3 in Long Blades
   263 | D:1      | Gained mutation: Your movements are slightly less
                  | encumbered by armour. (ER -2) [demonic ancestry]
   263 | D:1      | Reached XP level 2. HP: 20/24 MP: 3/3
   332 | D:1      | Found a faded altar of an unknown god.
  1121 | D:1      | Gained mutation: Your touch may inflict minor irresistible
                  | damage on your foes. [demonic ancestry]
  1121 | D:1      | Reached XP level 3. HP: 23/29 MP: 4/4
  1532 | D:2      | Noticed Terence
  1557 | D:2      | Killed Terence
  1558 | D:2      | Reached skill level 4 in Long Blades
  1635 | D:2      | Gained mutation: A meltable shield of frost defends you.
                  | (SH +0) [demonic ancestry]
  1635 | D:2      | Reached XP level 4. HP: 9/35 MP: 5/5
  2383 | D:3      | Noticed DarkMailMan's ghost (amateur DEFE)
  2432 | D:3      | Reached skill level 5 in Long Blades
  2576 | D:3      | Gained mutation: Your touch may inflict irresistible damage
                  | on your foes. [demonic ancestry]
  2576 | D:3      | Reached XP level 5. HP: 29/41 MP: 6/6
  2666 | D:3      | Found a glowing drain.
  2678 | Sewer    | Entered a sewer
  3100 | Sewer    | Reached skill level 6 in Long Blades
  3138 | Sewer    | Identified the +3 chain mail of Pathos {Rampage rPois}
  3344 | D:3      | Found a transporter.
  3391 | D:3      | Found a transporter.
  3518 | D:3      | Found a radiant altar of Vehumet.
  3604 | D:3      | Gained mutation: Spells you cast may paralyse adjacent
                  | enemies. [demonic ancestry]
  3604 | D:3      | Reached XP level 6. HP: 47/47 MP: 7/7
  3760 | D:4      | Found an opulent altar of Gozag.
  3840 | D:4      | Found a staircase to the Ecumenical Temple.
  3932 | D:4      | Found Riuf's Antique Weapon Emporium.
  4278 | D:5      | Entered Level 5 of the Dungeon
  4278 | D:5      | Noticed an orc warrior
  4300 | D:5      | Killed an orc warrior
  4301 | D:5      | Reached skill level 7 in Long Blades
  4301 | D:5      | Gained mutation: Your movements are less encumbered by
                  | armour. (ER -4) [demonic ancestry]
  4301 | D:5      | Reached XP level 7. HP: 13/52 MP: 8/8
  4314 | D:5      | Noticed Pikel
  4333 | D:5      | HP: 3/78 [Pikel (4)]
  4334 | D:5      | HP: 1/78 [lemure[Pikel] (1)]
  4336 | D:5      | Slain by Pikel

Illustrated notes

Levels and vault maps discovered:
D:1:      shiori_arrival_oz, layout_basic, shapermc_ecumenical_altar_venn
D:2:      layout_loops_cross, uniq_terence
D:3:      layout_rooms, nicolae_vehumet_altar_sigil, portal_sewer_entry_e,
          gammafunk_ghost_abyssal_escape, kennysheep_generic_room_15
D:4:      layout_cave_pools, overflow_temple_1_default,
          minmay_temple_entry_arrows, serial_shops, shop,
          kennysheep_pointless_box
D:5:      layout_layer_cave, uniq_pikel

Skill      XL: |  1  2  3  4  5  6 |
---------------+-------------------+-----
Long Blades    | 3 4 5 6 7 |  7.6
Fighting       | |  3.0
Spellcasting   | |  1.0
Fire Magic     | |  2.6

Action                   |  1- 3 |  4- 6 |  7- 9 || total
-------------------------+-------+-------+-------++-------
Melee: Falchion          |    99 |    17 |       ||   116
       Touch             |     4 |    19 |       ||    23
       Long sword        |       |   127 |    26 ||   153
Throw: Boomerang         |     8 |    81 |       ||    89
Invok: Foxfire Swarm     |     1 |     3 |       ||     4
Evoke: Wand              |       |     5 |       ||     5
  Use: Scroll            |     2 |     7 |     1 ||    10
       Potion            |       |     1 |     2 ||     3
Armor: Robe              |    12 |       |       ||    12
       Chain mail        |    19 |    69 |     1 ||    89
       Skin              |       |       |    47 ||    47
Dodge: Dodged            |    48 |    52 |     8 ||   108
Block: Other             |       |    19 |     8 ||    27

Table legend: (Time is in decaauts)
 A = Elapsed time spent in this place.
 B = Non-inter-level travel time spent in this place.
 C = Inter-level travel time spent in this place.
 D = Time resting spent in this place.
 E = Time spent auto-exploring this place.
 F = Levels seen in this place.
 G = Mean time per level.
                   A        B        C        D        E       F      G
               +--------+--------+--------+--------+--------+-----+--------+
         Total |   4454 |   4337 |    117 |    430 |   2912 |   6 |  742.3 |
       Dungeon |   3774 |   3657 |    117 |    430 |   2458 |   5 |  754.8 |
         Sewer |    679 |    679 |      0 |      0 |    453 |   1 |  679.0 |
               +--------+--------+--------+--------+--------+-----+--------+

Top non-repeatable levels by time:
     D:1: 1502 daAuts
     D:2: 887 daAuts
     D:3: 711 daAuts
   Sewer: 679 daAuts
     D:4: 625 daAuts
     D:5: 47 daAuts
